General information
- name: BNet
- type: Ladder team game (AT/RT)
- host: Battle.net
- saver: humankingtomvip
map: DragonFalls
- players: 8
- length: 37:17
- speed: Fast
- version: 1.26 W3XP
- replay type: Public
» download(235 KB)
Players
team 1 (winner)
humankingtomvip (
purple | 75 APM | 2785 actions | 37:17)
10 Goblin Tinker
3 Pocket Factory
3 Engineering Upgrade
1 Robo-Goblin
3 Cluster Rockets
5 Dark Ranger
3 Silence
1 Life Drain
1 Charm
» actions
| Assign group hotkey | 103 | |
| Basic commands | 90 | |
| Build / train | 159 | |
| ESC pressed | 6 | |
| Enter build submenu | 61 | |
| Enter hero's abilities submenu | 15 | |
| Give item / drop item | 5 | |
| Remove unit from queue | 1 | |
| Right click | 900 | |
| Select / deselect | 357 | |
| Select group hotkey | 796 | |
| Use ability | 292 | |
2785 total
» units
| Peasant | 40 | |
| Goblin Shredder | 3 | |
| Goblin Zeppelin | 2 | |
| Gryphon Rider | 9 | |
54 total
» upgrades
| Masonry | 3 | |
| Magic Sentry | 1 | |
| Plating | 0 | |
| Swords | 3 | |
| Armor | 3 | |
| Storm Hammers | 1 | |
| Animal War Training | 1 | |
12 total
» buildings
| Altar of Kings | 1 | |
| Farm | 11 | |
| Lumber Mill | 1 | |
| Scout Tower | 133 | |
| Arcane Tower | 2 | |
| Keep | 1 | |
| Town Hall | 5 | |
| Guard Tower | 43 | |
| Castle | 1 | |
| Arcane Vault | 2 | |
| Arcane Sanctum | 1 | |
| Blacksmith | 2 | |
| Gryphon Aviary | 6 | |
| Barracks | 1 | |
210 total
» build order
00:12 Altar of Kings
00:17 Farm
00:50 Farm
01:10 Lumber Mill
01:41 Farm
01:48 Farm
02:02 Farm
02:22 Scout Tower
02:38 Scout Tower
02:48 Farm
02:50 Arcane Tower
02:52 Farm
03:11 Arcane Tower
03:45 Keep
04:52 Town Hall
04:54 Scout Tower
04:54 Scout Tower
04:55 Scout Tower
04:55 Scout Tower
05:35 Guard Tower
06:00 Guard Tower
07:48 Town Hall
08:10 Scout Tower
08:11 Scout Tower
08:12 Scout Tower
08:12 Scout Tower
08:14 Scout Tower
08:14 Scout Tower
08:15 Scout Tower
08:15 Scout Tower
08:16 Scout Tower
08:16 Scout Tower
08:17 Scout Tower
08:17 Scout Tower
08:22 Scout Tower
08:23 Scout Tower
09:06 Guard Tower
09:07 Scout Tower
09:08 Scout Tower
09:08 Scout Tower
09:08 Scout Tower
09:12 Castle
09:14 Guard Tower
09:15 Guard Tower
09:40 Guard Tower
09:40 Guard Tower
09:41 Guard Tower
09:53 Guard Tower
09:53 Guard Tower
10:37 Guard Tower
11:35 Scout Tower
11:36 Scout Tower
11:36 Scout Tower
11:36 Scout Tower
11:37 Scout Tower
11:37 Scout Tower
11:38 Scout Tower
11:38 Scout Tower
11:40 Scout Tower
11:40 Scout Tower
11:40 Scout Tower
11:41 Scout Tower
11:41 Scout Tower
11:41 Scout Tower
11:41 Scout Tower
11:42 Scout Tower
11:44 Guard Tower
11:52 Arcane Vault
12:19 Guard Tower
12:19 Guard Tower
12:21 Guard Tower
12:40 Guard Tower
12:47 Guard Tower
12:48 Guard Tower
12:48 Guard Tower
13:04 Guard Tower
13:04 Guard Tower
13:07 Guard Tower
13:09 Scout Tower
13:12 Scout Tower
13:15 Arcane Sanctum
13:26 Scout Tower
13:26 Scout Tower
13:26 Scout Tower
13:40 Scout Tower
13:40 Scout Tower
13:41 Scout Tower
13:41 Scout Tower
13:41 Scout Tower
13:42 Scout Tower
13:42 Scout Tower
13:43 Scout Tower
13:43 Scout Tower
13:44 Scout Tower
14:04 Guard Tower
14:06 Scout Tower
14:06 Scout Tower
14:06 Scout Tower
14:07 Scout Tower
14:15 Guard Tower
14:21 Scout Tower
14:21 Scout Tower
14:32 Scout Tower
14:32 Scout Tower
14:32 Scout Tower
14:32 Scout Tower
14:33 Scout Tower
14:33 Scout Tower
14:33 Scout Tower
14:33 Scout Tower
14:34 Scout Tower
14:54 Guard Tower
15:00 Guard Tower
15:27 Guard Tower
15:39 Guard Tower
16:10 Guard Tower
16:13 Scout Tower
16:13 Scout Tower
16:14 Scout Tower
16:14 Scout Tower
16:14 Scout Tower
16:14 Scout Tower
16:15 Scout Tower
16:15 Scout Tower
16:15 Scout Tower
16:15 Scout Tower
16:16 Scout Tower
16:16 Scout Tower
16:16 Scout Tower
16:17 Scout Tower
16:50 Guard Tower
16:53 Scout Tower
16:53 Scout Tower
16:53 Scout Tower
16:54 Scout Tower
16:54 Scout Tower
16:54 Scout Tower
16:54 Scout Tower
16:55 Scout Tower
16:55 Scout Tower
16:55 Scout Tower
16:55 Scout Tower
16:56 Scout Tower
16:56 Scout Tower
16:56 Scout Tower
16:56 Scout Tower
16:57 Scout Tower
16:57 Scout Tower
17:06 Arcane Vault
17:10 Guard Tower
17:41 Guard Tower
17:43 Scout Tower
17:43 Scout Tower
17:43 Scout Tower
17:43 Scout Tower
17:44 Scout Tower
17:44 Scout Tower
17:44 Scout Tower
18:15 Guard Tower
18:40 Town Hall
19:12 Guard Tower
19:57 Blacksmith
19:58 Blacksmith
19:59 Gryphon Aviary
19:59 Gryphon Aviary
20:00 Gryphon Aviary
20:00 Gryphon Aviary
20:01 Gryphon Aviary
20:01 Gryphon Aviary
20:04 Farm
20:05 Farm
20:43 Barracks
21:13 Farm
21:25 Town Hall
22:06 Farm
28:49 Town Hall
» items
| Lesser Clarity Potion | 5 | |
| Scroll of Speed | 1 | |
| Healing Salve | 1 | |
| Boots of Speed | 1 | |
| Staff of Teleportation | 1 | |
| Orb of Lightning | 1 | |
| Tiny Great Hall | 1 | |
| Staff of Sanctuary | 1 | |
| Ivory Tower | 2 | |
| Scroll of Town Portal | 7 | |
| Scroll of Healing | 4 | |
25 total
m_a_r_i_o (
green | 42 APM | 1569 actions | 37:16)
6 Blademaster
2 Wind Walk
2 Critical Strike
1 Mirror Image
1 Bladestorm
3 Shadow Hunter
2 Healing Wave
1 Hex
» actions
| Basic commands | 136 | |
| Build / train | 68 | |
| ESC pressed | 2 | |
| Enter build submenu | 30 | |
| Enter hero's abilities submenu | 9 | |
| Right click | 662 | |
| Select / deselect | 543 | |
| Use ability | 119 | |
1569 total
» units
| Peon | 20 | |
| Grunt | 5 | |
| Shaman | 6 | |
| Tauren | 8 | |
| Troll Batrider | 8 | |
47 total
» upgrades
| Shaman Training | 2 | |
| Pulverize | 1 | |
| Armor | 2 | |
5 total
» buildings
| Altar of Storms | 2 | |
| Orc Burrow | 12 | |
| Barracks | 1 | |
| War Mill | 3 | |
| Stronghold | 2 | |
| Fortress | 2 | |
| Spirit Lodge | 1 | |
| Tauren Totem | 2 | |
| Voodoo Lounge | 2 | |
| Great Hall | 1 | |
| Beastiary | 2 | |
30 total
» build order
00:10 Altar of Storms
00:13 Orc Burrow
01:19 Barracks
01:58 War Mill
02:13 Orc Burrow
03:51 Stronghold
05:03 Orc Burrow
06:22 Fortress
06:22 Fortress
06:27 Spirit Lodge
07:46 Orc Burrow
08:47 Tauren Totem
08:52 Tauren Totem
11:11 Orc Burrow
12:12 Orc Burrow
13:09 Orc Burrow
14:08 Voodoo Lounge
23:48 Great Hall
27:34 Orc Burrow
28:27 Orc Burrow
28:48 Altar of Storms
29:38 Stronghold
30:04 War Mill
30:15 War Mill
32:51 Voodoo Lounge
33:06 Beastiary
33:58 Beastiary
34:27 Orc Burrow
35:18 Orc Burrow
35:30 Orc Burrow
» items
prestone (
yellow | 25 APM | 943 actions | 37:16)
4 Blademaster
1 Wind Walk
2 Critical Strike
1 Mirror Image
» actions
| Assign group hotkey | 13 | |
| Build / train | 38 | |
| Enter build submenu | 9 | |
| Enter hero's abilities submenu | 4 | |
| Give item / drop item | 2 | |
| Right click | 410 | |
| Select / deselect | 150 | |
| Select group hotkey | 249 | |
| Use ability | 68 | |
943 total
» units
» upgrades
| Envenomed Spears | 1 | |
| Ranged Weapons | 3 | |
| Armor | 2 | |
6 total
» buildings
| Altar of Storms | 1 | |
| Orc Burrow | 4 | |
| Voodoo Lounge | 1 | |
| Stronghold | 1 | |
| War Mill | 1 | |
| Beastiary | 2 | |
| Fortress | 1 | |
11 total
» build order
00:09 Altar of Storms
00:13 Orc Burrow
00:52 Voodoo Lounge
02:07 Stronghold
02:17 Orc Burrow
02:33 Orc Burrow
03:11 War Mill
04:28 Beastiary
04:30 Fortress
05:13 Beastiary
09:02 Orc Burrow
» items
| Healing Salve | 2 | |
| Lesser Clarity Potion | 1 | |
| Orb of Lightning | 1 | |
| Scroll of Town Portal | 1 | |
| Boots of Speed | 1 | |
6 total
010101010101010 (
pink | 24 APM | 894 actions | 37:16)
6 Keeper of the Grove
2 Force of Nature
1 Entangling Roots
2 Thorns Aura
1 Tranquility
» actions
| Assign group hotkey | 8 | |
| Basic commands | 11 | |
| Build / train | 80 | |
| Enter build submenu | 15 | |
| Enter hero's abilities submenu | 6 | |
| Right click | 501 | |
| Select / deselect | 204 | |
| Select group hotkey | 10 | |
| Use ability | 59 | |
894 total
» units
| Wisp | 22 | |
| Dryad | 10 | |
| Druid of the Claw | 11 | |
| Hippogryph | 15 | |
58 total
» upgrades
| Strength of the Wild | 3 | |
| Reinforced Hides | 3 | |
| Ultravision | 1 | |
| Abolish Magic | 1 | |
| Druid of the Claw Training | 2 | |
| Mark of the Claw | 1 | |
| Well Spring | 1 | |
12 total
» buildings
| Altar of Elders | 1 | |
| Moon Well | 10 | |
| Hunter's Hall | 1 | |
| Ancient of Wonders | 1 | |
| Tree of Ages | 2 | |
| Ancient of Lore | 2 | |
| Tree of Eternity | 1 | |
| Tree of Life | 3 | |
| Ancient of Wind | 2 | |
23 total
» build order
00:36 Altar of Elders
00:42 Moon Well
01:38 Hunter's Hall
01:48 Ancient of Wonders
02:35 Tree of Ages
02:59 Moon Well
03:00 Moon Well
06:29 Ancient of Lore
06:55 Ancient of Lore
11:18 Tree of Eternity
11:57 Moon Well
11:58 Moon Well
12:00 Moon Well
12:01 Moon Well
12:48 Tree of Life
12:58 Moon Well
23:48 Tree of Life
24:29 Moon Well
24:31 Moon Well
28:10 Tree of Ages
30:46 Ancient of Wind
30:47 Ancient of Wind
31:29 Tree of Life
team 2 (loser)
i.suxx (
teal | 77 APM | 2844 actions | 37:06)
5 Mountain King
3 Storm Bolt
2 Bash
4 Paladin
2 Holy Light
2 Divine Shield
» actions
| Assign group hotkey | 24 | |
| Basic commands | 48 | |
| Build / train | 79 | |
| ESC pressed | 4 | |
| Enter build submenu | 40 | |
| Enter hero's abilities submenu | 9 | |
| Give item / drop item | 4 | |
| Remove unit from queue | 1 | |
| Right click | 1067 | |
| Select / deselect | 475 | |
| Select group hotkey | 991 | |
| Use ability | 101 | |
2844 total
» units
| Peasant | 24 | |
| Footman | 2 | |
| Rifleman | 7 | |
| Priest | 2 | |
| Mortar Team | 3 | |
| Spell Breaker | 1 | |
| Siege Engine | 6 | |
45 total
» upgrades
| Lumber Harvesting | 1 | |
| Gunpowder | 2 | |
| Armor | 2 | |
| Long Rifles | 1 | |
| Fragmentation Shards | 1 | |
| Barrage | 1 | |
8 total
» buildings
| Altar of Kings | 2 | |
| Barracks | 2 | |
| Farm | 20 | |
| Blacksmith | 2 | |
| Arcane Vault | 1 | |
| Keep | 2 | |
| Town Hall | 2 | |
| Lumber Mill | 2 | |
| Scout Tower | 3 | |
| Castle | 2 | |
| Arcane Sanctum | 2 | |
| Workshop | 2 | |
| Gryphon Aviary | 1 | |
43 total
» build order
00:49 Altar of Kings
01:07 Barracks
01:10 Farm
01:11 Farm
01:52 Farm
01:54 Farm
02:05 Barracks
02:36 Blacksmith
04:14 Blacksmith
04:15 Arcane Vault
04:31 Keep
06:00 Town Hall
07:16 Farm
07:49 Lumber Mill
09:43 Farm
09:45 Scout Tower
09:46 Castle
10:17 Farm
10:18 Farm
12:03 Arcane Sanctum
12:05 Arcane Sanctum
12:12 Farm
14:13 Workshop
14:14 Workshop
15:32 Farm
15:33 Farm
15:39 Gryphon Aviary
16:06 Farm
17:16 Farm
18:55 Scout Tower
18:55 Scout Tower
20:52 Town Hall
22:32 Farm
22:49 Farm
22:50 Farm
23:51 Farm
23:52 Farm
23:54 Farm
24:30 Keep
24:55 Farm
26:57 Altar of Kings
28:45 Castle
32:35 Lumber Mill
» items
| Scroll of Regeneration | 1 | |
| Lesser Clarity Potion | 1 | |
| Scroll of Town Portal | 2 | |
| Staff of Sanctuary | 1 | |
| Orb of Fire | 1 | |
| Potion of Healing | 1 | |
| Potion of Mana | 1 | |
| Scroll of Speed | 1 | |
| Healing Salve | 1 | |
10 total

»
Wing.Chun (
blue | 58 APM | 2176 actions | 37:15)
2 Archmage
1 Summon Water Elemental
1 Brilliance Aura
8 Mountain King
3 Storm Bolt
3 Bash
1 Avatar
1 Thunder Clap
7 Paladin
2 Holy Light
1 Divine Shield
3 Devotion Aura
1 Resurrection
» actions
| Assign group hotkey | 51 | |
| Basic commands | 10 | |
| Build / train | 174 | |
| ESC pressed | 7 | |
| Enter build submenu | 41 | |
| Enter hero's abilities submenu | 17 | |
| Give item / drop item | 2 | |
| Remove unit from queue | 6 | |
| Right click | 799 | |
| Select / deselect | 415 | |
| Select group hotkey | 501 | |
| Use ability | 153 | |
2176 total
» units
| Peasant | 20 | |
| Footman | 8 | |
| Rifleman | 2 | |
| Goblin Shredder | 2 | |
| Dragonhawk Rider | 7 | |
| Gryphon Rider | 5 | |
| Flying Machine | 17 | |
61 total
» upgrades
| Defend | 1 | |
| Masonry | 3 | |
| Plating | 3 | |
| Swords | 4 | |
| Long Rifles | 1 | |
| Armor | 3 | |
| Cloud | 1 | |
| Animal War Training | 1 | |
| Storm Hammers | 1 | |
| Gunpowder | 1 | |
| Flak Cannons | 1 | |
| Flying Machine Bombs | 1 | |
21 total
» buildings
| Altar of Kings | 1 | |
| Farm | 15 | |
| Barracks | 1 | |
| Scout Tower | 10 | |
| Lumber Mill | 1 | |
| Arcane Tower | 3 | |
| Blacksmith | 1 | |
| Guard Tower | 12 | |
| Keep | 2 | |
| Town Hall | 2 | |
| Arcane Vault | 1 | |
| Castle | 1 | |
| Gryphon Aviary | 3 | |
| Workshop | 4 | |
57 total
» build order
00:56 Altar of Kings
01:11 Farm
01:42 Barracks
01:51 Farm
02:24 Scout Tower
02:29 Lumber Mill
02:33 Farm
02:53 Arcane Tower
03:12 Farm
03:58 Farm
04:22 Blacksmith
04:26 Scout Tower
04:33 Scout Tower
04:39 Farm
05:09 Guard Tower
05:13 Farm
06:24 Keep
06:24 Keep
06:30 Farm
07:18 Farm
08:02 Town Hall
08:14 Arcane Vault
09:22 Town Hall
11:37 Castle
11:51 Farm
11:56 Farm
11:59 Scout Tower
12:01 Scout Tower
12:31 Guard Tower
13:04 Guard Tower
13:04 Guard Tower
13:48 Gryphon Aviary
15:13 Guard Tower
15:13 Guard Tower
15:16 Gryphon Aviary
15:18 Gryphon Aviary
15:44 Farm
17:24 Farm
17:26 Farm
17:59 Scout Tower
18:40 Farm
18:57 Guard Tower
18:57 Guard Tower
19:36 Scout Tower
20:33 Arcane Tower
20:34 Arcane Tower
20:36 Scout Tower
21:00 Scout Tower
21:15 Guard Tower
21:18 Scout Tower
29:31 Workshop
29:39 Workshop
30:12 Workshop
30:41 Workshop
» items
| Scroll of Regeneration | 3 | |
| Lesser Clarity Potion | 1 | |
| Staff of Sanctuary | 1 | |
| Scroll of Town Portal | 4 | |
| Boots of Speed | 1 | |
| Potion of Lesser Invulnerability | 1 | |
11 total
OneRival (
orange | 43 APM | 1614 actions | 37:10)
6 Far Seer
3 Feral Spirit
2 Chain Lighting
1 Earth Quake
» actions
| Build / train | 84 | |
| Enter build submenu | 19 | |
| Enter hero's abilities submenu | 6 | |
| Remove unit from queue | 3 | |
| Right click | 1091 | |
| Select / deselect | 343 | |
| Use ability | 68 | |
1614 total
» units
| Peon | 11 | |
| Grunt | 9 | |
| Shaman | 5 | |
| Tauren | 24 | |
| Wind Rider | 5 | |
54 total
» upgrades
| Shaman Training | 2 | |
| Pulverize | 1 | |
| Melee Weapons | 1 | |
| Envenomed Spears | 1 | |
5 total
» buildings
| Altar of Storms | 1 | |
| Orc Burrow | 8 | |
| Barracks | 1 | |
| Stronghold | 3 | |
| War Mill | 1 | |
| Fortress | 3 | |
| Spirit Lodge | 2 | |
| Tauren Totem | 2 | |
| Great Hall | 2 | |
| Beastiary | 2 | |
25 total
» build order
00:08 Altar of Storms
00:11 Orc Burrow
00:29 Barracks
01:23 Orc Burrow
02:51 Stronghold
02:51 Stronghold
02:51 Stronghold
04:14 War Mill
04:18 Orc Burrow
05:12 Fortress
05:12 Fortress
05:16 Spirit Lodge
05:18 Spirit Lodge
07:37 Tauren Totem
07:39 Tauren Totem
07:51 Orc Burrow
10:11 Orc Burrow
11:53 Orc Burrow
13:06 Orc Burrow
15:17 Orc Burrow
24:57 Great Hall
25:01 Great Hall
28:55 Beastiary
28:56 Beastiary

»
hunterxhunt (
red | 31 APM | 957 actions | 31:14)
6 Blademaster
2 Wind Walk
3 Critical Strike
1 Bladestorm
» actions
| Assign group hotkey | 4 | |
| Basic commands | 11 | |
| Build / train | 57 | |
| ESC pressed | 1 | |
| Enter build submenu | 25 | |
| Enter hero's abilities submenu | 6 | |
| Remove unit from queue | 4 | |
| Right click | 475 | |
| Select / deselect | 300 | |
| Select group hotkey | 6 | |
| Use ability | 68 | |
957 total
» units
| Peon | 17 | |
| Grunt | 5 | |
| Thunder Lizard | 1 | |
| Wind Rider | 10 | |
| Furbolg Shaman | 1 | |
| Green Dragon | 1 | |
35 total
» upgrades
| Melee Weapons | 1 | |
| Armor | 1 | |
| Berserker Strength | 1 | |
| Envenomed Spears | 1 | |
4 total
» buildings
| Altar of Storms | 2 | |
| Orc Burrow | 7 | |
| Barracks | 1 | |
| War Mill | 1 | |
| Stronghold | 1 | |
| Voodoo Lounge | 2 | |
| Fortress | 1 | |
| Beastiary | 2 | |
| Great Hall | 2 | |
19 total
» build order
00:08 Altar of Storms
00:09 Orc Burrow
01:20 Barracks
02:22 Orc Burrow
02:26 War Mill
02:33 Orc Burrow
04:09 Stronghold
04:44 Voodoo Lounge
06:33 Fortress
06:48 Beastiary
11:57 Orc Burrow
15:15 Beastiary
15:19 Orc Burrow
20:30 Orc Burrow
26:54 Great Hall
27:55 Voodoo Lounge
28:08 Great Hall
30:17 Altar of Storms
30:22 Orc Burrow
» items
| Orb of Lightning | 1 | |
| Potion of Healing | 3 | |
| Healing Salve | 1 | |
| Scroll of Town Portal | 1 | |
| Potion of Mana | 2 | |
8 total
Chat log
(00:14 / Allies) 010101010101010: units and plan?
(00:24 / Allies) humankingtomvip: lock down the gold, tower up and tech to infinity
(00:37 / Allies) humankingtomvip: we need forward camps here and here
(00:38 / Allies) m_a_r_i_o: yellow what u going?
(00:46 / Allies) prestone: air
(00:48 / Allies) m_a_r_i_o: aite
(00:53 / Allies) m_a_r_i_o: tuarens and shamens
(00:54 / Allies) m_a_r_i_o: here
(01:10 / Allies) m_a_r_i_o: yellow bming?
(01:15 / Allies) prestone: yes
(01:21 / Allies) humankingtomvip: bowel movement?
(01:24 / Allies) 010101010101010: ill get dryads and bears
(01:42 / All) hunterxhunt: theres a fight between our team
(01:44 / All) hunterxhunt: o.o
(01:51 / Allies) 010101010101010: with who :S
(01:53 / All) prestone: who's winning
(03:29 / All) humankingtomvip: LOL
(03:34 / All) hunterxhunt: :D
(04:33 / Allies) m_a_r_i_o: pink
(04:36 / Allies) 010101010101010: sec
(04:39 / Allies) 010101010101010: after this
(05:01 / All) i.suxx: lol
(05:02 / Allies) 010101010101010: get slippers
(05:25 / Allies) humankingtomvip: ALL TP
(05:28 / Allies) humankingtomvip: THEYRE RUSHING 4V1 ON THIS SIDE
(05:29 / Allies) humankingtomvip: TP
(05:41 / All) hunterxhunt: we seem to love oj
(05:46 / All) hunterxhunt: mean yellow
(05:55 / Allies) humankingtomvip: repair ur shit
(06:46 / Allies) 010101010101010: wood please
(06:53 / Allies) m_a_r_i_o: take out that foot
(08:34 / Allies) 010101010101010: heal up niggs ;D
(08:49 / Allies) 010101010101010: when they have full health then go
(08:58 / Allies) m_a_r_i_o: u can take mine
(09:13 / Allies) 010101010101010: k
(09:23 / Allies) m_a_r_i_o: just gold me once in awhile
(09:25 / Allies) m_a_r_i_o: =)
(09:31 / Allies) 010101010101010: fosho ;D
(09:46 / Allies) 010101010101010: i need wood niggs
(09:50 / Allies) 010101010101010: :O
(10:14 / Allies) 010101010101010: go go go go
(10:40 / Allies) 010101010101010: get hero
(11:14 / Allies) m_a_r_i_o: fosho
(11:16 / Allies) m_a_r_i_o: notstop
(11:17 / Allies) m_a_r_i_o: gogog
(11:24 / Allies) m_a_r_i_o: after
(11:42 / Allies) m_a_r_i_o: b
(11:59 / Allies) humankingtomvip: wood me pls
(12:59 / Allies) m_a_r_i_o: lol
(13:09 / Allies) 010101010101010: wtf you doing>!>!>!>!>!?!?!?!@$#%#%$^$&%$
(13:47 / Allies) 010101010101010: yellow !!!
(13:58 / Allies) 010101010101010: burrow up
(14:11 / All) Wing.Chun: gg noob purple
(14:40 / Allies) m_a_r_i_o: [ink
(14:41 / Allies) m_a_r_i_o: tp
(14:48 / Allies) 010101010101010: no tp
(15:07 / Allies) 010101010101010: purple is safe look at dem towers
(15:40 / Allies) m_a_r_i_o: purp
(15:41 / Allies) m_a_r_i_o: gold me
(16:32 / Allies) m_a_r_i_o: fight
(16:32 / Allies) m_a_r_i_o: figh
(17:05 / All) hunterxhunt: you got scared of a thunder lizard
(17:58 / Allies) 010101010101010: we win if we hit
(18:18 / Allies) 010101010101010: purple why not tower them when we hit?!!??!?!!?
(18:47 / Allies) 010101010101010: meele first
(18:51 / Allies) m_a_r_i_o: wait
(18:55 / Allies) 010101010101010: iighty
(19:04 / Allies) m_a_r_i_o: rdy?
(19:14 / Allies) 010101010101010: yeah
(20:15 / Allies) humankingtomvip: yeah like i need wood
(20:17 / Allies) m_a_r_i_o: we can kill
(20:34 / Allies) humankingtomvip: sarcasm
(20:37 / Allies) humankingtomvip: esl noobs
(20:38 / Allies) humankingtomvip: rofl
(21:07 / Allies) m_a_r_i_o: pink
(21:15 / Allies) 010101010101010: yeah
(21:19 / Allies) m_a_r_i_o: red
(21:19 / Allies) humankingtomvip: defend towers
(21:55 / Allies) humankingtomvip: defend dtowers
(22:15 / Allies) prestone: defend with what
(22:57 / Allies) humankingtomvip: u guys dont revive do u
(22:59 / Allies) humankingtomvip: its against your religion
(23:01 / Allies) humankingtomvip: dont rebuild
(23:20 / Allies) humankingtomvip: stop geving me resources
(23:23 / Allies) humankingtomvip: you stupid fucking noobs
(23:33 / Allies) 010101010101010: why your the only 1 left
(23:38 / Allies) humankingtomvip: rebuild
(23:38 / Allies) humankingtomvip: mroons
(24:49 / Allies) m_a_r_i_o: rofl
(24:52 / Allies) m_a_r_i_o: yellow stil here?
(26:29 / Allies) m_a_r_i_o: what 2 get?
(26:29 / Allies) 010101010101010: woah ty purple
(26:42 / Allies) m_a_r_i_o: purp
(26:44 / Allies) m_a_r_i_o: what 2 get?
(26:51 / Allies) 010101010101010: we need meeeleeee
(26:57 / All) OneRival: prp
(26:58 / All) OneRival: purp
(26:59 / All) OneRival: are
(27:02 / All) OneRival: dumbass
(27:03 / All) OneRival: tower
(27:07 / All) OneRival: wtf
(27:33 / All) humankingtomvip: this was a showdown between the rebuilders
(27:34 / All) humankingtomvip: and the quitters
(28:15 / Allies) 010101010101010: im gonna mass hippos
(28:26 / Allies) 010101010101010: because we need it
(28:27 / Allies) 010101010101010: !!!!
(28:56 / All) humankingtomvip: right now my entire team is thumbing their assholes
(28:59 / All) humankingtomvip: watching what my hero does next
(29:04 / All) hunterxhunt: lol
(32:01 / All) humankingtomvip: what a team of ass thumbers
(32:06 / All) humankingtomvip: i wish i could ban thse faggots
(32:13 / All) humankingtomvip: he wont even follow me around
(32:14 / Allies) m_a_r_i_o: yo im trying
(32:18 / All) humankingtomvip: hes just thumbing his ass
(32:19 / All) humankingtomvip: with both hands
(32:30 / Allies) humankingtomvip: get sopem bats you faggot
(32:32 / Allies) humankingtomvip: i need concoct\
(32:34 / Allies) humankingtomvip: for their air
(32:44 / Allies) humankingtomvip: BATS
(32:47 / Allies) humankingtomvip: DO YOU KNOW WHAT BATS ARE
(32:54 / Allies) humankingtomvip: not blade men
(32:54 / Allies) humankingtomvip: BATS
(33:00 / Allies) humankingtomvip: make your beastiearies next to my towers
(33:02 / Allies) humankingtomvip: so they dont get raped
(33:02 / Allies) m_a_r_i_o: on it
(33:33 / Allies) 010101010101010: woah !! when you fight blues gyros be next to towers
(33:37 / Allies) 010101010101010: like fuckkk
(33:43 / Allies) m_a_r_i_o: pink
(33:45 / Allies) m_a_r_i_o: hipps
(33:45 / Allies) m_a_r_i_o: hurry
(33:51 / Allies) humankingtomvip: wow the dogfucker speaks english
(33:54 / Allies) humankingtomvip: didnt expect that
(34:53 / Allies) humankingtomvip: mass bats and bliow up his gyros
(34:55 / Allies) humankingtomvip: sahre contorol
(34:59 / Allies) humankingtomvip: i know ure too slow to det htem on ur own
(35:07 / Allies) m_a_r_i_o: yeop
(35:08 / Allies) m_a_r_i_o: lol
(37:13 / Allies) 010101010101010: should i get archers on my hippos or just hippos